 Dungeon Crawl Stone Soup version 0.22.0-75-g3901e79 (webtiles) character file.

134 PaladinM the Slasher (level 5, -3/61 HPs)
             Began as a Human Fighter on Sept 11, 2018.
             Killed from afar by Natasha (8 damage)
             ... with a magic dart
             ... on level 2 of the Dungeon.
             The game lasted 00:03:47 (1256 turns).

PaladinM the Slasher (Human Fighter)                Turns: 1256, Time: 00:03:47

Health: -3/61      AC: 22    Str: 17    XL:     5   Next: 40%
Magic:  5/5        EV:  2    Int:  9    God:
Gold:   57         SH:  9    Dex: 12    Spells: 4/4 levels left

rFire    . . .     SeeInvis .   a - +0 long sword
rCold    . . .     Gourm    .   c - +0 shield
rNeg     + + +     Faith    .   (armour currently unavailable)
rPois    +         Spirit   .   (helmet currently unavailable)
rElec    .         Reflect  .   (cloak currently unavailable)
rCorr    .         Harm     .   (gloves currently unavailable)
MR       +....     NoTele   +   (boots currently unavailable)
Stlth    +.........             (no amulet)
HPRegen  0.20/turn              h - ring of positive energy
MPRegen  0.09/turn              n - ring of protection from magic

@: tree-form
A: no striking features
a: no special abilities


You were on level 2 of the Dungeon.
You were not hungry.
You were a tree.
You visited 1 branch of the dungeon, and saw 2 of its levels.

You collected 57 gold pieces.

Inventory:

Hand Weapons
 a - a +0 long sword (weapon)
Armour
 c - a +0 shield (worn)
 q - a cursed +0 chain mail (melded)
Jewellery
 h - a ring of positive energy (left branch)
 n - a ring of protection from magic (right branch)
Scrolls
 e - a scroll of magic mapping {unknown}
 g - a scroll of random uselessness {unknown}
 i - 2 scrolls of remove curse {unknown}
 k - a scroll of teleportation {unknown}
 l - a scroll of fear {unknown}
 m - 2 scrolls of identify {unknown}
 p - 2 scrolls of immolation {unknown}
Potions
 d - a potion of might
 j - a potion of degeneration {unknown}
 o - a potion of lignification
Comestibles
 f - 2 rations


   Skills:
 - Level 3.0 Fighting
 + Level 5.2 Long Blades
 - Level 3.0 Armour
 - Level 3.0 Shields


You had 4 spell levels left.
You didn't know any spells.
Your spell library was empty.

Dungeon Overview and Level Annotations

Branches:
Dungeon (2/15)

Altars:

Annotations:
D:2 Natasha


Message History

* * * LOW HITPOINT WARNING * * *
You closely miss Natasha. Natasha claws you.
* * * LOW HITPOINT WARNING * * *
It was a potion of lignification.
You turn into a tree.
Your cursed +0 chain mail melds into your body.
Your roots penetrate the ground.
Natasha claws you but does no damage.
You closely miss Natasha. Natasha claws you.
* * * LOW HITPOINT WARNING * * *
You barely miss Natasha. Natasha claws you but does no damage.
You hit Natasha.
Natasha is moderately wounded.
Natasha claws you but does no damage. You block Natasha's attack.
You barely miss Natasha.
Natasha is moderately wounded.
You block Natasha's attack.
You hit Natasha.
Natasha is severely wounded.
Natasha casts a spell at you. The magic dart hits you!
You die...

#..# #†.# # #.##
#.#####h#
#.....[.# #
####.#### . #.# #
#h# #### #♣# ...#
#.# ##.# ######.#
#.# #......#
#.########†######
#..........#
############


You could see Natasha.

Vanquished Creatures
  A howler monkey (D:1)
  Natasha (twice) (D:2)
  An ooze (D:1)
  A worm (D:1)
  A dart slug (D:1)
  2 goblins
  8 hobgoblins
  6 kobolds
  5 bats
  8 frilled lizards
  5 rats
40 creatures vanquished.

Notes
Turn   | Place    | Note
-------+----------+-------------------------------------------
     0 | D:1      | PaladinM the Human Fighter began the quest for the Orb.
     0 | D:1      | Reached XP level 1. HP: 18/18 MP: 1/1
   133 | D:1      | Reached XP level 2. HP: 24/24 MP: 2/2
   185 | D:1      | Reached skill level 3 in Long Blades
   372 | D:1      | Reached XP level 3. HP: 17/29 MP: 3/3
   688 | D:2      | Noticed Natasha
   698 | D:1      | Reached skill level 4 in Long Blades
   698 | D:1      | Reached XP level 4. HP: 22/35 MP: 4/4
  1058 | D:2      | Killed Natasha
  1058 | D:2      | Reached XP level 5. HP: 41/41 MP: 5/5
  1202 | D:2      | Noticed Natasha
  1222 | D:2      | Killed Natasha
  1222 | D:2      | Reached skill level 5 in Long Blades
  1239 | D:2      | Noticed Natasha
  1256 | D:2      | Killed from afar by Natasha

Skill      XL: |  1  2  3  4  5 |
---------------+----------------+-----
Long Blades    | 3 4 5 |  5.2
Fighting       | |  3.0
Armour         | |  3.0
Shields        | |  3.0

Action                   |  1- 3 |  4- 6 || total
-------------------------+-------+-------++-------
Melee: Long sword        |    73 |    59 ||   132
  Use: Potion            |       |     1 ||     1
  Eat: Chunk             |       |     1 ||     1
Armor: Scale mail        |    45 |     9 ||    54
       Skin              |       |     3 ||     3
       Chain mail        |       |     2 ||     2
Dodge: Dodged            |    27 |    15 ||    42
Block: Shield            |    44 |    18 ||    62
       Rpst.: Long sword |    10 |     5 ||    15
